 Dungeon Crawl Stone Soup version 0.30-a0-847-g17996783a1 (webtiles) character file.

Game seed: 1630016727768420161

464 Darkkill the Shooter (level 6, -2/55 HPs)
             Began as a Minotaur Hunter on Mar 3, 2023.
             Slain by an ogre
             ... wielding a +0 giant spiked club
              (12 damage)
             ... on level 5 of the Dungeon.
             The game lasted 00:05:08 (3932 turns).

Darkkill the Shooter (Minotaur Hunter)              Turns: 3932, Time: 00:05:09

Health: -2/55      AC:  7    Str: 15    XL:     6   Next: 80%
Magic:  5/5        EV: 13    Int: 10    God:
Gold:   127        SH:  0    Dex: 16    Spells: 5/5 levels left

rFire   . . .      SeeInvis .    a - +0 shortbow
rCold   . . .      Faith    .    (shield currently unavailable)
rNeg    . . .      Spirit   .    c - +0 leather armour
rPois   .          Reflect  .    (helmet restricted)
rElec   .          Rampage  +    n - +2 cloak of Hide-and-Seek {Rampage Drain Int+4}
rCorr   .                        (no gloves)
Will    .....                    e - +0 pair of boots
Stlth   ++                       (no amulet)
HPRegen 0.29/turn                (no ring)
MPRegen 0.09/turn                (no ring)

@: no status effects
A: horns 2, retaliatory headbutt
a: no special abilities


You were on level 5 of the Dungeon.
You visited 2 branches of the dungeon, and saw 6 of its levels.

You collected 127 gold pieces.

Inventory:

Hand Weapons
 a - a +0 shortbow (weapon)
Missiles
 d - 4 poisoned darts
 l - a throwing net {=f !f}
Armour
 c - a +0 leather armour (worn)
 e - a +0 pair of boots (worn)
 n - the +2 cloak of Hide-and-Seek (worn) {Rampage Drain Int+4}
   (You found it on level 4 of the Dungeon)

   Int:       It affects your intelligence (+4).
   Drain:     It drains your maximum health when unequipped.
   Rampage:   It bestows one free step when moving towards enemies.
Scrolls
 b - 2 scrolls of immolation
 j - a scroll of fear
 o - a scroll of teleportation
Potions
 f - a potion of might
 g - a potion of attraction
 h - a potion of lignification {unknown}
 i - a potion of cancellation
 m - a potion of haste
 p - a potion of brilliance {unknown}


   Skills:
 + Level 4.9 Fighting
 + Level 5.8 Ranged Weapons
 + Level 4.3 Dodging
 + Level 3.2 Stealth


You had 5 spell levels left.
You didn't know any spells.
Your spell library contained the following spells:

 Spells                   Type           Power      Damage    Failure   Level
 Sandblast                Erth           0%         2d4       43%         1
 Passwall                 Tmut/Erth      0%         N/A       56%         2
 Scorch                   Fire           0%         2d5       56%         2
 Frozen Ramparts          Ice            0%         1d1       80%         3
 Ignite Poison            Fire/Tmut/Pois 0%         N/A       80%         3
 Kindle Blastsparks       Fire/Tloc/Air  0%         2d10      80%         3
 Stone Arrow              Conj/Erth      0%         3d7       80%         3
 Flame Wave               Conj/Fire      0%         2d4       99%         4
 Ice Form                 Ice/Tmut       0%         N/A       99%         4
 Summon Ice Beast         Ice/Summ       0%         N/A       99%         4
 Freezing Cloud           Conj/Ice/Air   0%         6-21      100%        5
 Summon Cactus Giant      Summ           0%         N/A       100%        6


Dungeon Overview and Level Annotations

Branches:
Dungeon (5/15)             Temple (1/1) D:4

Altars:
Ashenzari
Cheibriados
Dithmenos
Elyvilon
Fedhas
Hepliaklqana
Kikubaaqudgha
Makhleb
Nemelex Xobeh
Okawaru
Qazlal
Ru
Sif Muna
Uskayaw
Wu Jian
Xom
Zin
The Shining One

Shops:
D:4 *

Annotations:
D:5 Prince Ribbit


Innate Abilities, Weirdness & Mutations

You have a pair of horns on your head.
You reflexively headbutt those who attack you in melee.


Message History

Found 7 stones.
No target in view!
Found a cloak.
No target in view!
Found a scroll of vulnerability.
p - a cyan potion No target in view!
No target in view!
Found a stone staircase leading down.
No target in view!
There is a stone staircase leading down here.
There is a stone staircase leading down here.
Found a stone staircase leading down.
You see here a +0 whip.
No target in view!
There is a stone staircase leading up here.
Done exploring.
No target in view!
Done exploring.
No target in view!
Done exploring.
No target in view!
Done exploring.
No target in view!
Done exploring.
No target in view!
Done exploring.
No target in view!
Done exploring.
No target in view!
Done exploring.
Okay, then.
There is a stone staircase leading down here.
You climb downwards.
You hear the hiss of flowing sand.
There is an entrance to an ossuary on this level.
Hurry and find it before the portal is buried!
There is a stone staircase leading up here.
As you read the scroll of magic mapping, it crumbles to dust.
You feel aware of your surroundings.
You sensed 1 altar, and 2 shops/portals.
Fire: a) +0 shortbow
Press: ? - help, Q - select action, (/) - cycle Shift-Dir - straight line, f - Prince Ribbit
Aim: Prince Ribbit (asleep, 98% to hit)
You shoot an arrow. The arrow hits Prince Ribbit.
Prince Ribbit croaks.
Prince Ribbit is lightly wounded.
You hear a shout! x2
Fire: a) +0 shortbow
Press: ? - help, Q - select action, (/) - cycle Shift-Dir - straight line, f/p - Prince Ribbit
Aim: Prince Ribbit (lightly wounded, 45% to hit)
You shoot an arrow. The arrow hits Prince Ribbit!
Prince Ribbit is heavily wounded.
Prince Ribbit blinks!
Prince Ribbit hits you but does no damage.
Fire: a) +0 shortbow
Press: ? - help, Q - select action, (/) - cycle Shift-Dir - straight line, f/p - Prince Ribbit
Aim: Prince Ribbit (heavily wounded, 45% to hit)
You shoot an arrow. The arrow misses Prince Ribbit.
Prince Ribbit hits you but does no damage.
Prince Ribbit hits you.
Fire: a) +0 shortbow
Press: ? - help, Q - select action, (/) - cycle Shift-Dir - straight line, f/p - Prince Ribbit
Aim: Prince Ribbit (heavily wounded, 45% to hit)
You shoot an arrow.
The arrow hits Prince Ribbit but does no damage.
Prince Ribbit is heavily wounded.
An ogre comes into view. It is wielding a +0 giant spiked club.
Prince Ribbit hits you!
Fire: a) +0 shortbow
Press: ? - help, Q - select action, (/) - cycle Shift-Dir - straight line, f/p - Prince Ribbit
Aim: Prince Ribbit (heavily wounded, 45% to hit)
You shoot an arrow. The arrow barely misses Prince Ribbit.
Prince Ribbit blinks!
Prince Ribbit hits you!
Fire: a) +0 shortbow
Press: ? - help, Q - select action, (/) - cycle Shift-Dir - straight line, f/p - Prince Ribbit
Aim: Prince Ribbit (heavily wounded, 45% to hit)
You shoot an arrow. The arrow barely misses Prince Ribbit.
Prince Ribbit misses you. Prince Ribbit closely misses you.
Fire: a) +0 shortbow
Press: ? - help, Q - select action, (/) - cycle Shift-Dir - straight line, f/p - Prince Ribbit
Aim: Prince Ribbit (heavily wounded, 45% to hit)
You shoot an arrow. The arrow hits Prince Ribbit.
Prince Ribbit is heavily wounded.
Prince Ribbit barely misses you. The ogre closely misses you.
You furiously retaliate!
You headbutt the ogre! Prince Ribbit misses you.
Fire: a) +0 shortbow
Press: ? - help, Q - select action, (/) - cycle Shift-Dir - straight line, f/p - Prince Ribbit
Aim: Prince Ribbit (heavily wounded, 45% to hit)
You shoot an arrow. The arrow barely misses Prince Ribbit.
Prince Ribbit hits you.
The ogre hits you with a +0 giant spiked club!!
* * * LOW HITPOINT WARNING * * *
Fire: a) +0 shortbow
Press: ? - help, Q - select action, (/) - cycle Shift-Dir - straight line, f/p - Prince Ribbit
Aim: Prince Ribbit (heavily wounded, 45% to hit)
You shoot an arrow. The arrow hits Prince Ribbit.
Prince Ribbit is heavily wounded.
Prince Ribbit blinks!
The ogre hits you with a +0 giant spiked club!
You die...

*,* *,* **,,,>,*,*******, *,**
**,* **,,,**,* ****, **,**
**,** **,***,* *,,,,
*,,***,***********,***,* *,**,
*,*,,,***,,,,,,,,,,,,,,* *,**,
*,***,* *,********,********,***
*,***,***,* #####.#..,,,,,,,,,
*,**,,,**,* #§O......,,,,,,***
*,,,,,,,*,* *#@#**,*,*****,,*
****,,,,*,**#...#*,*,**,,,,,***
**,*,,,,...F...,*,**,,,,,,,,
*,****###....##*,**,,,,,,,,
*,******##.#.# *,***,*,****
*,,,,,,* #.#.# *,,**,*,*
******,* #.#.#***,**,*,* *,*
#.#..,,>,,,,*,*** *,*
*,,,,,,,,,,,,,,,*


You could see Prince Ribbit and an ogre.

Vanquished Creatures
  A scorpion (D:4)
  A hound (D:4)
  An orc priest (D:4)
  Jessica (D:3)
  Terence (D:3)
  Natasha (D:3)
  3 orc wizards
  Robin (D:3)
  3 gnolls (D:3)
  6 adders
  4 worms
  3 dart slugs (D:1)
  6 orcs
  4 endoplasms
  3 giant cockroaches
  13 goblins
  7 hobgoblins
  7 jackals
  7 kobolds
  4 quokkas
  7 ball pythons
  5 bats
  A frilled lizard (D:3)
  4 rats
94 creatures vanquished.

Notes
Turn   | Place    | Note
-------+----------+-------------------------------------------
     0 | D:1      | Darkkill the Minotaur Hunter began the quest for the Orb.
     0 | D:1      | Reached XP level 1. HP: 18/18 MP: 0/0
   160 | D:1      | Reached skill level 1 in Stealth
   178 | D:1      | Reached XP level 2. HP: 17/25 MP: 1/1
   773 | D:1      | Reached XP level 3. HP: 31/31 MP: 2/2
  1386 | D:2      | Reached XP level 4. HP: 38/38 MP: 3/3
  1828 | D:3      | Found a shimmering altar of Xom.
  1887 | D:3      | Reached skill level 5 in Ranged Weapons
  2012 | D:3      | Noticed Natasha
  2017 | D:3      | Killed Natasha
  2018 | D:3      | Reached XP level 5. HP: 37/46 MP: 4/4
  2164 | D:3      | Found a faded altar of an unknown god.
  2319 | D:3      | Noticed Terence
  2327 | D:3      | Killed Terence
  2448 | D:3      | Found a stormy altar of Qazlal.
  2468 | D:3      | Noticed Jessica
  2470 | D:3      | Killed Jessica
  2470 | D:3      | Noticed Robin
  2471 | D:3      | Reached XP level 6. HP: 53/53 MP: 5/5
  2480 | D:3      | Killed Robin
  2705 | D:4      | HP: 10/51 [something (4)]
  2717 | D:4      | HP: 9/51 [something (2)]
  2997 | D:4      | Found a staircase to the Ecumenical Temple.
  3006 | Temple   | Entered the Ecumenical Temple
  3130 | D:4      | Found Cadilej's Elemental Accessories.
  3188 | D:4      | HP: 10/53 [poisoned by a scorpion]
  3393 | D:4      | Identified the +2 cloak of Hide-and-Seek {Rampage Drain
                  | Int+4}
  3922 | D:5      | Entered Level 5 of the Dungeon
  3922 | D:5      | Noticed Prince Ribbit
  3931 | D:5      | HP: 10/55 [ogre/+0 giant spiked club (21)]
  3932 | D:5      | Slain by an ogre

Illustrated notes

Levels and vault maps discovered:
D:1:      ncdulo_lavacross, layout_loops_ring, hangedman_decor_peaks_small,
          minmay_tromino_i4
D:2:      layout_loops_ring
D:3:      layout_basic, mainiacjoe_overflow_big_doors, basic_ecumenical_altar,
          uniq_jessica, uniq_terence, uniq_natasha, uniq_robin
D:4:      layout_cave_pods, minmay_temple_entry_gardened_gates,
          nicolae_elemental_shop, minmay_misc_feat_x, chequers_arboretum
D:5:      layout_loops_ring, lemuel_coloured_pillars_altar,
          gammafunk_ghost_smash, serial_shops, shop, enter_ossuary_1,
          uniq_prince_ribbit1
Temple:   kb_temple_of_zot

Skill      XL: |  1  2  3  4  5  6 |
---------------+-------------------+-----
Stealth        | 1 2 3 |  3.2
Fighting       | 3 4 |  4.9
Dodging        | 3 4 |  4.3
Ranged Weapons | 5 |  5.8

Action                     |  1- 3 |  4- 6 || total
---------------------------+-------+-------++-------
  Melee: Shortbow          |       |     8 ||     8
         Headbutt          |       |     1 ||     1
   Fire: Shortbow          |   106 |   207 ||   313
    Use: Scroll            |     5 |    10 ||    15
         Potion            |       |     4 ||     4
 Armour: Leather armour    |    28 |    50 ||    78
  Dodge: Dodged            |    62 |   109 ||   171

Table legend: (Time is in decaauts)
 A = Elapsed time spent in this place.
 B = Non-inter-level travel time spent in this place.
 C = Inter-level travel time spent in this place.
 D = Time resting spent in this place.
 E = Time spent auto-exploring this place.
 F = Levels seen in this place.
 G = Mean time per level.
                   A        B        C        D        E       F      G
               +--------+--------+--------+--------+--------+-----+--------+
         Total |   4020 |   3919 |    101 |    105 |   3140 |   6 |  670.0 |
       Dungeon |   3901 |   3815 |     86 |    105 |   3048 |   5 |  780.2 |
        Temple |    118 |    103 |     15 |      0 |     92 |   1 |  118.0 |
               +--------+--------+--------+--------+--------+-----+--------+

Top non-repeatable levels by time:
     D:4: 1140 daAuts
     D:3: 1040 daAuts
     D:1: 954 daAuts
     D:2: 753 daAuts
  Temple: 118 daAuts
     D:5: 11 daAuts

Table legend:
 A = Kills in this place as a percentage of kills in the entire game.
 B = Kills by you in this place as a percentage of kills by you in the entire game.
 C = Kills by friends in this place as a percentage of kills by friends in the entire game.
 D = Other kills in this place as a percentage of other kills in the entire game.
 E = Experience gained in this place as a percentage of experience gained in the entire game.
 F = Experience gained in this place divided by the number of levels of this place that you have seen.
                   A       B       C       D       E      F
               +-------+-------+-------+-------+-------+----------------------
         Total | 100.0 | 100.0 |   N/A |   N/A | 100.0 | 110.5
       Dungeon | 100.0 | 100.0 |   N/A |   N/A | 100.0 | 132.6
               +-------+-------+-------+-------+-------+----------------------
